 Dungeon Crawl Stone Soup version 0.22-a0-247-gbddf880 (webtiles) character file.

31 seren the Gusty (level 3, -7/19 HPs)
             Began as a Tengu Air Elementalist on Feb 26, 2018.
             Mangled by Sigmund
             ... wielding a +0 scythe
              (9 damage)
             ... on level 2 of the Dungeon.
             The game lasted 00:05:19 (1118 turns).

seren the Gusty (Tengu Air Elementalist)            Turns: 1118, Time: 00:05:20

Health: -7/19      AC:  3    Str: 13    XL:     3   Next: 22%
Magic:  2/7        EV: 13    Int: 16    God:
Gold:   88         SH:  0    Dex: 14    Spells: 3/6 levels left

rFire    . . .     SeeInvis .   e - +0 dagger
rCold    . . .     Gourm    .   (no shield)
rNeg     . . .     Faith    .   a - +0 robe
rPois    .         Spirit   .   (helmet restricted)
rElec    .         Reflect  .   g - +0 cloak
rCorr    .         Harm     .   (no gloves)
MR       .....                  (boots unavailable)
Stlth    ++........             (no amulet)
HPRegen  0.06/turn              (no ring)
MPRegen  0.10/turn              (no ring)

@: mighty
A: beak, talons 3
a: no special abilities


You were on level 2 of the Dungeon.
You were not hungry.

You visited 1 branch of the dungeon, and saw 2 of its levels.

You collected 88 gold pieces.

Inventory:

Hand Weapons
 e - a +0 dagger (weapon)
Armour
 a - a +0 robe (worn)
 g - a +0 cloak (worn)
Jewellery
 i - an uncursed ring of resist corrosion {unknown}
Scrolls
 d - 2 scrolls of identify {unknown}
 j - a scroll of remove curse {unknown}
Potions
 f - a potion of ambrosia {unknown}
 h - a potion of curing {unknown}
Comestibles
 b - 3 rations


   Skills:
 + Level 2.6 Dodging
 + Level 2.4 Stealth
 + Level 2.3 Spellcasting
 + Level 2.1 Conjurations
 + Level 4.4 Air Magic


You had 3 spell levels left.
You knew the following spells:

 Your Spells              Type           Power        Failure   Level  Hunger
a - Shock                 Conj/Air       ##..         5%          1    #......
b - Swiftness             Chrm/Air       #.......     12%         2    ###....


Dungeon Overview and Level Annotations

Branches:
Dungeon (2/15)

Altars:

Annotations:
D:2 Sigmund


Innate Abilities, Weirdness & Mutations

You have a beak for a mouth.
You have claws for feet.


Message History

It was a potion of might.
You feel very mighty all of a sudden.
Sigmund hits you from afar with a scythe.
* * * LOW HITPOINT WARNING * * *
You bump into the rock wall.
Sigmund mumbles some strange words.
Sigmund flickers and vanishes!
Deactivating autopickup; reactivate with Ctrl-A.
You bump into the rock wall.
Something hits you but does no damage.
You feel less confused.
You are confused.
You bump into the rock wall.
You bump into the rock wall.
You bump into the rock wall.
Something hits you!
Ouch! That really hurt!
* * * LOW HITPOINT WARNING * * *
Unknown command.
You feel less confused. Something hits you!
You die...

#.#### ##.# #....#
.... ####.# #... #†#
#...############ #{#
#......#.......# #.#
#.#....#.#####.###.##
##...>......#........#
........#####@#.######
###.........#.#.#
#.###.###.#.#.# #
#.....#.#.#..
#.#.....#.###
#..#....#.#
##.#......# #.#..#....
#.#.......


There were no monsters in sight!

Vanquished Creatures
  An adder (D:2)
  A bat (D:1)
  6 goblins
  A hobgoblin (D:1)
  7 kobolds
  2 frilled lizards (D:1)
  4 rats (D:1)
22 creatures vanquished.

Notes
Turn   | Place    | Note
-------+----------+-------------------------------------------
     0 | D:1      | seren the Tengu Air Elementalist began the quest for the Orb.
     0 | D:1      | Reached XP level 1. HP: 10/10 MP: 4/4
   210 | D:1      | Reached XP level 2. HP: 15/15 MP: 1/6
   261 | D:1      | Learned a level 2 spell: Swiftness
  1082 | D:2      | Noticed Sigmund
  1097 | D:2      | Reached XP level 3. HP: 19/19 MP: 4/7
  1118 | D:2      | Mangled by Sigmund

Vault maps used:
D:1:      minmay_arrival_widening_spiral_wide
D:2:      nemelex_altar_shiori, nicolae_tso_swordbearing_angel, uniq_natasha,
          uniq_sigmund

Skill      XL: |  1  2 |
---------------+-------+-----
Conjurations   | 2 |  2.1
Dodging        | |  2.6
Stealth        | |  2.4
Spellcasting   | |  2.3
Air Magic      | |  4.4

Action                   || total
-------------------------++-------
 Cast: Shock             ||    41
  Use: Potion            ||     1
  Eat: Chunk             ||     1
Armor: Robe              ||     4
Dodge: Dodged            ||     8

Table legend:
 A = Spawn XP
 B = Non-spawn XP
 C = Spawn XP percentage of total XP
 D = Spawn monster count
 E = Non-spawn monster count
 F = Spawn count percentage of total count
 G = Total turns spent on level
                    A         B        C        D         E        F      G
               +---------+---------+-------+---------+---------+-------+---------
         Total |       0 |      45 |   0.0 |       0 |      22 |   0.0 |  1118
               +---------+---------+-------+---------+---------+-------+---------
           D:1 |       0 |      27 |   0.0 |       0 |      18 |   0.0 |   942
           D:2 |       0 |      18 |   0.0 |       0 |       4 |   0.0 |   176
               +---------+---------+-------+---------+---------+-------+---------
